AoeStats
← tigremaster

Arena

507787045Analyzed
4v4 RM · 13d ago on Sep 19, 2026· 30m 55s· 8 players
Game mode
Random Map
Map size
Large (8 player)
Population
200
Speed
Normal
Resources
Standard
Victory
Conquest
Starting age
Dark Age
Ending age
Imperial Age
RankedLock teamsTeams togetherTeam positionsShared explorationLock speedFull tech treeHidden civsTurbo modeCheats
Victory
Defeat
🇦🇷 Franks · Argentina
1170
+16
🇲🇽 Tupi · Mexico
1145
+17
🇺🇸 Sicilians · United States
1128
+18
🇨🇦 Wei · Canada
1108
+18
🇦🇷 Malay · Argentina
1180
-19
🇦🇷 Maya · Argentina
1168
-17
🇪🇨 Cumans · Ecuador
1162
-17
🇫🇷 Celts · France
1138
-16
YKQ
11:50 Feudal Age
16:31 Castle Age
15:18 Double-Bit Axe
16:42 Horse Collar
17:42 Wheelbarrow
18:11 Bow Saw
18:43 Fervor
20:43 Forging
22:37 Gold Mining
22:43 Loom
23:45 Hand Cart
24:52 Husbandry
25:04 Town Watch
27:23 Bloodlines
27:51 Iron Casting
28:41 Gold Shaft Mining
29:18 Stone Mining
29:31 Heavy Plow
32:57 Imperial Age
30:36 Scale Barding Armor
NahuelR
11:16 Feudal Age
15:15 Castle Age
15:13 Forging
15:20 Scale Barding Armor
15:26 Double-Bit Axe
30:21 Imperial Age
28:30 Wheelbarrow
28:57 Stone Mining
28:57 Gold Mining
29:05 Gold Mining
31:04 Gold Shaft Mining
30:51 Hand Cart
30:35 Cavalier
LuvDaBiebz
4:45 Loom
21:06 Feudal Age
22:00 Double-Bit Axe
b² - 4ac
11:19 Feudal Age
15:40 Castle Age
15:02 Scale Mail Armor
15:25 Champi Runner
16:31 Squires
16:49 Chain Mail Armor
23:00 Arson
27:00 Champi Warrior
Nelware1
9:48 Feudal Age
17:02 Loom
21:31 Fletching
Nycky la brute
10:57 Feudal Age
15:30 Castle Age
14:18 Double-Bit Axe
17:13 Wheelbarrow
20:36 Pikeman
Lechugamer
9:39 Feudal Age
11:05 Loom
18:11 Castle Age
16:45 Double-Bit Axe
16:41 Horse Collar
27:15 Imperial Age
26:07 Pikeman
27:15 Capped Ram
tigremaster
11:00 Feudal Age
13:46 Loom
16:29 Castle Age
15:33 Gold Mining
16:31 Double-Bit Axe
22:27 Crossbowman
Connection lost

Rejoining the realm…

Still unreachable

The connection could not be restored.

Session expired

The server has moved on; the page needs a fresh start.